 Dungeon Crawl Stone Soup version 0.28-a0-537-g3bccd9ccbf (webtiles) character file.

Game seed: 17844182585367869379

5 speeev33 the Shield-Bearer (level 1, -1/14 HPs)
             Began as a Gargoyle Fighter on Sept 28, 2021.
             Slain by a kobold (3 damage)
             ... on level 1 of the Dungeon.
             The game lasted 00:00:10 (93 turns).

speeev33 the Shield-Bearer (Gargoyle Fighter)         Turns: 93, Time: 00:00:11

Health: -1/14      AC:  9    Str: 19    XL:     1   Next: 80%
Magic:  1/1        EV:  9    Int:  8    God:
Gold:   0          SH:  4    Dex:  9    Spells: 0/0 levels left

rFire   . . .      SeeInvis .   a - +0 flail
rCold   . . .      Faith    .   c - +0 buckler
rNeg    + . .      Spirit   .   b - +0 scale mail
rPois   ∞          Reflect  .   (no helmet)
rElec   +          Harm     .   (no cloak)
rCorr   .          Rampage  .   (no gloves)
Will    .....                   (no boots)
Stlth   ..........              (no amulet)
HPRegen 0.04/turn               (no ring)
MPRegen 0.07/turn               (no ring)

@: no status effects
A: sickness immunity, AC +2, negative energy resistance 1, electricity
resistance, torment resistance 1, petrification resistance
a: no special abilities


You were on level 1 of the Dungeon.
You visited 1 branch of the dungeon, and saw 1 of its levels.

Inventory:

Hand Weapons
 a - a +0 flail (weapon)
Armour
 b - a +0 scale mail (worn)
 c - a +0 buckler (worn)
Potions
 d - a potion of might


   Skills:
 + Level 3.4 Fighting
 + Level 2.1 Maces & Flails
 + Level 3.4 Armour
 + Level 3.4 Shields


You couldn't memorise any spells.
You didn't know any spells.
Your spell library was empty.

Dungeon Overview and Level Annotations

Branches:
Dungeon (1/15)

Altars:


Innate Abilities, Weirdness & Mutations

You are immune to sickness and miasma.
Your stone body is resilient. (AC +2)
You are immune to poison.
You resist negative energy. (rN+)
You are resistant to electric shocks. (rElec)
You are resistant to unholy torment.
You are immune to petrification.


Message History

The jackal bites you but does no damage.
The kobold barely misses you. You block the jackal's attack.
The kobold closely misses you.
You thump the jackal!
You kill the jackal!
The kobold hits you but does no damage.
The kobold throws a stone.
The stone hits you but does no damage.
You barely miss the jackal.
The jackal bites you but does no damage.
The kobold hits you with a +4 dagger of venom.
You closely miss the jackal. The jackal bites you.
The kobold hits you but does no damage.
The jackal bites you but does no damage.
The kobold hits you with a +4 dagger of venom.
* * * LOW HITPOINT WARNING * * *
You closely miss the jackal. The jackal closely misses you.
The jackal bites you but does no damage.
You block the kobold's attack.
You thump the jackal!
You kill the jackal!
The kobold hits you with a +4 dagger of venom.
* * * LOW HITPOINT WARNING * * *
You barely miss the kobold.
The kobold hits you but does no damage. x2
The kobold barely misses you.
You closely miss the kobold.
The kobold hits you but does no damage. x3
You hit the kobold.
The kobold is heavily wounded.
The kobold closely misses you. x2
You barely miss the kobold.
The kobold is heavily wounded.
The kobold hits you but does no damage. x3
You miss the kobold.
The kobold is heavily wounded.
The kobold hits you with a +0 dagger.
* * * LOW HITPOINT WARNING * * *
The kobold hits you but does no damage. x2
You sock the kobold!
You kill the kobold!
The kobold hits you with a +4 dagger of venom.
You die...

###+### ###!
...$... ....
.....$. ..)
....... .?
.......##. ##
)........# ..#
......†#.#
###..#.# #..#
#.KJ...#
♣♣.$♣♣#@#
##♣♣.....#)#
♣≈♣.......K#
♣♣≈≈..###♣..#
♣≈≈≈.##.##♣..#
#♣≈≈≈.#...#♣♣♣♣
#≈≈≈≈≈#...######
#≈≈≈.≈##..'....#
#≈≈≈8≈.######..#


You could see an endoplasm and 2 kobolds.

Vanquished Creatures
  4 jackals (D:1)
  A kobold (D:1)
5 creatures vanquished.

Notes
Turn   | Place    | Note
-------+----------+-------------------------------------------
     0 | D:1      | speeev33 the Gargoyle Fighter began the quest for the Orb.
     0 | D:1      | Reached XP level 1. HP: 14/14 MP: 1/1
    93 | D:1      | Slain by a kobold

Illustrated notes

Levels and vault maps discovered:
D:1:      sevenhm_arrival_forest_fort_small_5, layout_basic

Action                   || total
-------------------------++-------
Melee: Flail             ||    21
Armor: Scale mail        ||    33
Dodge: Dodged            ||    15
Block: Buckler           ||     6

Table legend: (Time is in decaauts)
 A = Elapsed time spent in this place.
 B = Non-inter-level travel time spent in this place.
 C = Inter-level travel time spent in this place.
 D = Time resting spent in this place.
 E = Time spent auto-exploring this place.
 F = Levels seen in this place.
 G = Mean time per level.
                   A        B        C        D        E       F      G
               +--------+--------+--------+--------+--------+-----+--------+
         Total |    100 |    100 |      0 |      0 |     61 |   1 |  100.0 |
       Dungeon |    100 |    100 |      0 |      0 |     61 |   1 |  100.0 |
               +--------+--------+--------+--------+--------+-----+--------+

Top non-repeatable levels by time:
     D:1: 100 daAuts
